[Event "ICC tourney 2175 (45 10)"]
[Site "Internet Chess Club"]
[Date "2020.12.05"]
[Round "5"]
[White "python0812"]
[Black "GeorgeDai"]
[Result "0-1"]
[ICCResult "White resigns"]
[WhiteElo "2034"]
[BlackElo "2075"]
[Opening "Caro-Kann: Hillbilly attack"]
[ECO "B10"]
[NIC "CK.01"]
[Time "23:01:35"]
[TimeControl "2700+10"]

1. e4 c6 2. Bc4 d5 3. Bb3 e6 4. Qe2 dxe4 5. Qxe4 Nf6 6. Qe2 Bd6 7. Nf3 O-O
8. d4 c5 9. dxc5 Bxc5 10. Nc3 Nc6 11. Bg5 h6 12. Bh4 Nd4 13. Nxd4 Qxd4 14.
Bxf6 Qxf6 15. O-O b6 16. Ne4 Qxb2 17. Nxc5 bxc5 18. Qb5 Qd4 19. Rad1 Qb4 20.
Qc6 Bb7 21. Qd7 Qb6 22. Bxe6 Bc8 23. Bxf7+ Rxf7 24. Qe8+ Rf8 25. Qe5 Bf5 26.
Rd6 Qc7 27. Qd5+ Qf7 28. Qxc5 Rac8 29. Qd4 Rxc2 30. g4 Rc4 {White resigns}
0-1

[Event "ICC tourney 2175 (45 10)"]
[Site "Internet Chess Club"]
[Date "2020.12.05"]
[Round "5"]
[White "KRASAVCHIK"]
[Black "IndianTerritory"]
[Result "1-0"]
[ICCResult "Black resigns"]
[WhiteElo "2650"]
[BlackElo "2181"]
[Opening "Caro-Kann: Panov-Botvinnik, Czerniak variation"]
[ECO "B13"]
[NIC "CK.03"]
[Time "23:01:24"]
[TimeControl "2700+10"]

1. e4 c6 2. d4 d5 3. exd5 cxd5 4. c4 Nf6 5. Nc3 Nc6 6. Bg5 Qa5 7. Bxf6 exf6
8. cxd5 Bb4 9. Qd2 Bxc3 10. bxc3 Qxd5 11. Nf3 O-O 12. Be2 Re8 13. O-O Bg4
14. h3 Bh5 15. Rab1 Rad8 16. Rb5 Qe6 17. Bd1 Bxf3 18. Bxf3 b6 19. Rbb1 Ne5
20. Bd1 Nc4 21. Qc1 Qd5 22. Bb3 Rc8 23. Re1 Re6 24. Qf4 b5 25. a4 Rxe1+ 26.
Rxe1 bxa4 27. Bxa4 Nd6 28. Bd1 Nb5 29. Bg4 Rf8 30. Re3 Qa2 31. Qf3 a5 32.
Qc6 Qb1+ 33. Kh2 f5 34. Re8 Nxc3 35. Bh5 g6 36. Rxf8+ Kxf8 37. Qxc3 gxh5 38.
Qxa5 Kg7 39. Qe5+ f6 40. Qe7+ Kg6 41. Qe8+ Kg7 42. Qxh5 Qb8+ 43. g3 Qb1 44.
Qf3 Qb2 45. Qxf5 Qxd4 46. Qg4+ Qxg4 47. hxg4 Kg6 48. Kh3 Kg5 49. f3 Kg6 50.
Kh4 Kh6 51. f4 Kg7 52. g5 Kg6 53. gxf6 Kxf6 54. Kh5 Kf5 55. Kh6 Kg4 56. Kxh7
Kf5 57. Kg7 Kg4 58. Kg6 Kxg3 59. f5 {Black resigns} 1-0

[Event "ICC tourney 2175 (45 10)"]
[Site "Internet Chess Club"]
[Date "2020.12.05"]
[Round "5"]
[White "StayCalm"]
[Black "jy2020"]
[Result "0-1"]
[ICCResult "White resigns"]
[WhiteElo "2149"]
[BlackElo "2240"]
[Opening "Nimzo-Indian: Sämisch variation"]
[ECO "E29"]
[NIC "NI.11"]
[Time "23:01:29"]
[TimeControl "2700+10"]

1. d4 Nf6 2. c4 e6 3. Nc3 Bb4 4. e3 O-O 5. a3 Bxc3+ 6. bxc3 c5 7. Bd3 d6 8.
Ne2 e5 9. e4 Nc6 10. d5 Ne7 11. O-O Ng6 12. Ng3 Re8 13. h3 b6 14. Ra2 Nf4
15. Qf3 Ng6 16. Bg5 h6 17. Bxf6 gxf6 18. Nh5 Rf8 19. Nxf6+ Kg7 20. Nh5+ Kh7
21. Nf6+ Kg7 22. Nh5+ Kh7 23. Nf6+ Kh8 24. Ng4 Kg7 25. Re1 Qg5 26. Ne3 Nf4
27. Nf5+ Bxf5 28. exf5 Kf6 29. Be4 Rg8 30. Re3 Qh4 31. g4 h5 32. Qg3 Qg5 33.
Bf3 Nxh3+ 34. Kf1 hxg4 35. Bxg4 Qxg4 36. Qxg4 Rxg4 37. Rxh3 Rxc4 38. Rh6+
Ke7 39. f6+ Kd7 40. Kg2 Rg8+ 41. Kh2 Rxc3 42. f4 exf4 43. Rh7 Rf8 44. Re2
Re3 45. Rxe3 fxe3 46. Kg2 b5 47. Kf3 Kc7 48. Kxe3 Kb6 49. Kd3 Ka5 50. Kc3
Ka4 51. Kb2 b4 52. Rh4 a5 53. axb4 cxb4 54. Re4 Rh8 55. Re7 Rh2+ 56. Kc1 Ka3
57. Rxf7 b3 58. Rb7 b2+ 59. Kd1 Rh1+ 60. Kc2 Rc1+ 61. Kd2 b1=Q {White
resigns} 0-1

[Event "ICC tourney 2175 (45 10)"]
[Site "Internet Chess Club"]
[Date "2020.12.05"]
[Round "5"]
[White "mchessmaster"]
[Black "ChicagoExpert"]
[Result "1-0"]
[ICCResult "Black checkmated"]
[WhiteElo "1990"]
[BlackElo "2094"]
[Opening "Sicilian: Najdorf, Opocensky variation"]
[ECO "B92"]
[NIC "SI.10"]
[Time "23:01:29"]
[TimeControl "2700+10"]

1. e4 c5 2. Nf3 d6 3. d4 cxd4 4. Nxd4 Nf6 5. Nc3 a6 6. Be2 e5 7. Nb3 Be6 8.
Be3 Nbd7 9. O-O Rc8 10. f4 b5 11. a3 Be7 12. f5 Bc4 13. Nd2 Nb6 14. Kh1 h5
15. Bd3 h4 16. h3 Nh5 17. Bf2 Nf4 18. Nf3 Nd7 19. Ne2 Nh5 20. b3 Bxd3 21.
cxd3 Ndf6 22. Kh2 Ng3 23. Nxg3 hxg3+ 24. Kxg3 d5 25. Re1 Rc3 26. exd5 e4 27.
dxe4 Nxe4+ 28. Rxe4 Qd6+ 29. Kg4 g6 30. f6 Qxf6 31. Rxe7+ Qxe7 32. Bd4 f5+
33. Kg3 Qh4+ 34. Kh2 Qf4+ 35. Kg1 Rxf3 36. Qe2+ Kd7 37. Qe6+ Kc7 38. Be5+
Kb7 39. Qc6+ Ka7 40. Qc7+ Ka8 41. Bxf4 g5 42. Qc6+ Ka7 43. Be5 Rd3 44. Bxh8
a5 45. Qc7+ Ka6 46. Rc1 Rd1+ 47. Rxd1 b4 48. Bd4 a4 49. Qb6# {Black
checkmated} 1-0

[Event "ICC tourney 2175 (45 10)"]
[Site "Internet Chess Club"]
[Date "2020.12.05"]
[Round "5"]
[White "Leolix"]
[Black "annameiyappan"]
[Result "0-1"]
[ICCResult "White forfeits on time"]
[WhiteElo "1934"]
[BlackElo "2015"]
[Opening "Queen's pawn, Mason variation"]
[ECO "D00"]
[NIC "QP.08"]
[Time "23:01:10"]
[TimeControl "2700+10"]

1. d4 d5 2. Bf4 Nf6 3. e3 Bf5 4. c4 c6 5. Qb3 Qb6 6. c5 Qxb3 7. axb3 Nbd7 8.
Nc3 e6 9. b4 Be7 10. h3 O-O 11. b5 Rfc8 12. Nf3 cxb5 13. Nxb5 a6 14. Nc3 Ne4
15. Be2 Ndf6 16. Na4 Nd7 17. O-O f6 18. b4 Bg6 19. Rac1 Be8 20. b5 axb5 21.
Bxb5 Bd8 22. Rb1 Ra5 23. Rfc1 g5 24. Bh2 h5 25. g4 Rxb5 26. Rxb5 Ne5 27.
dxe5 Bxb5 28. Nb2 hxg4 29. hxg4 Rxc5 30. Ra1 Ba6 31. Nd4 Kf7 32. f3 Nd2 33.
Rd1 Nc4 34. Nxc4 Rxc4 35. Rb1 Rc3 36. Kf2 Rd3 37. Rb2 Ba5 38. Nb3 Bc3 39.
Rc2 b6 {White forfeits on time} 0-1